[Event "FRA-ch Teams Top 16-Bas 2022"]
[Site "Chartres"]
[Date "2022.06.19"]
[Round "11.12"]
[White "Sochacki, Wojtek"]
[Black "Marzolo, Cyril"]
[Result "1-0"]
[ECO "B12"]
[WhiteElo "2324"]
[BlackElo "2376"]
[Annotator "TA"]
[PlyCount "61"]
[EventDate "2022.06.16"]
[EventType "team-tourn"]
[EventCountry "FRA"]
[SourceTitle "playchess.com"]
[Source "ChessBase"]
[SourceQuality "1"]
[TimeControl "40/5400+30:1800+30"]

1. e4 c6 2. d4 d5 3. e5 Bf5 4. h4 h6 5. g4 Bh7 6. e6 fxe6 7. Bd3 {[%emt 0:21:58] White wants to play Bxh7.} Be4 {[%emt 0:13:26] B12: Caro-Kann: Advance Variation.} (7... c5 $11 {remains equal.}) 8. Nf3 $16 {[%emt 0:10:45][%mdl 1024] Black must now prevent Nc3. White has strong compensation.} Nd7 9. Nc3 Ngf6 {[%emt 0:13:28] White is slightly better.} 10. Rg1 {[%emt 0:01:47] [#]} Qb6 $146 ({Predecessor:} 10... Qc7 11. g5 hxg5 12. hxg5 Bxf3 13. Qxf3 Qh2 14. Bg6+ Kd8 15. Rf1 Rh3 16. Bf4 Rxf3 17. Bxh2 {1-0 (48) Zhou,L (1873)-Zimmer,E (1910) Magdeburg 2021}) 11. g5 $1 Bxf3 12. Qxf3 Qxd4 (12... hxg5 $16 13. hxg5 Ne4) 13. gxf6 $18 exf6 {[%emt 0:02:54] [#]} 14. Qh5+ $1 Ke7 15. Be3 Qe5 16. Qg4 {[%emt 0:00:23] Chess con chili. 0x0.00207bc817cadp-1022s more active pieces. The black rooks are badly placed.} Qd6 (16... f5 $16 {is a better defense.} 17. Qb4+ Kd8) 17. O-O-O g5 18. hxg5 hxg5 19. Rh1 Ne5 20. Qg2 Bh6 (20... Bg7 $16 21. Be2 Ng6) 21. Be2 {[%emt 0:00:24] Hoping for Ne4.} Nf7 22. Bh5 {[%emt 0:00:59] Strongly threatening Ne4.} b6 23. Rh3 {[%emt 0:00:43] aiming for Bxf7.} Rag8 $2 (23... Ne5 $16 {is tougher.} 24. Be2 Rag8) 24. Bxf7 $2 (24. Ne4 $1 $18 Qb8 {[#]} 25. Nxf6 $1 ) 24... Kxf7 $16 25. Rdh1 Bg7 26. Ne2 Rxh3 27. Rxh3 Rh8 (27... Qe5 $16) 28. Rxh8 $18 Bxh8 29. f4 e5 (29... d4 $16 30. Bd2 (30. Bxd4 gxf4 31. Qg4 e5 $14) 30... d3) 30. fxg5 f5 $2 (30... fxg5 {was necessary.} 31. Qxg5 Qg6) 31. Qh3 $1 {[%emt 0:00:22][%csl LRf5,LRh8] Weighted Error Value: White=0.48/Black=0.60} 1-0

[Event "FRA-ch Teams Top 16-Bas 2022"]
[Site "Chartres"]
[Date "2022.06.19"]
[Round "11.13"]
[White "Benitah, Yohan"]
[Black "Caille, Hugo"]
[Result "1-0"]
[ECO "D20"]
[WhiteElo "2383"]
[BlackElo "2177"]
[Annotator "TA"]
[PlyCount "61"]
[EventDate "2022.06.16"]
[EventType "team-tourn"]
[EventCountry "FRA"]
[SourceTitle "playchess.com"]
[Source "ChessBase"]
[SourceQuality "1"]
[TimeControl "40/5400+30:1800+30"]

1. d4 d5 2. c4 dxc4 3. e4 b5 4. a4 c6 5. axb5 cxb5 6. Nc3 {[%emt 0:00:03][%cal Bb1c3,Bc3d5,Bd5c7][%mdl 32] D20: Queen's Gambit Accepted: 3 e3 and 3 e4.} Qb6 7. Nd5 Qb7 8. Bf4 {[%emt 0:00:11] White is slightly better.} e5 9. Bxe5 Nd7 $1 10. Bf4 {[%emt 0:00:09] White is much more active.} Ngf6 11. Nc7+ $1 Kd8 {[%emt 0:00:05] [#] Hoping for ...Bb4+.} 12. Nxa8 Qxe4+ 13. Ne2 Qxa8 14. Nc3 Bb4 15. f3 $1 {[%emt 0:01:18] [#]} Nd5 $146 ({Predecessor:} 15... Re8+ 16. Be2 a5 17. O-O Qc6 18. Re1 Bxc3 19. bxc3 Nd5 20. Qd2 b4 21. Rxa5 Nxc3 {½-½ (71) Fodor,B (2120)-Dev,S (2243) Budapest 2021}) 16. Bd2 Re8+ (16... Bxc3 $14 {might be stronger.} 17. bxc3 Re8+ 18. Be2 N7f6) 17. Be2 Nxc3 18. bxc3 Bd6 {[%emt 0:03:58] [#]} 19. Qb1 $1 Qd5 20. Kf2 (20. Qd1 a6 $11) (20. Rxa7 $16 {Kf2 is the strong threat.} b4 21. Qxh7) 20... Nc5 $132 {[%emt 0:14:24][%mdl 2048] Threatens to win with ...Nb3. Black is not keeping still} (20... Qe6 $2 21. Re1 a6 22. Qxh7 $18) 21. Rxa7 Nb3 $1 (21... Qe6 $2 22. Re1 Qd5 23. Qxh7 $18 (23. Qxb5 $2 Nd3+ 24. Bxd3 Qxb5 $19)) 22. Qa2 Bb7 23. Bd1 Nxd2 (23... Kc8 $11 {keeps the balance.}) 24. Qxd2 $16 {[%emt 0:00:39] aiming for Bc2. The board is on fire.} g5 {[%emt 0:00:14] Loses the game.} (24... b4 $16 {was called for.}) 25. Re1 $18 Rxe1 26. Qxe1 {[%emt 0:00:02] And now Bc2 would win.} Bb8 27. Ra2 Bxh2 $2 (27... Bd6 28. Ra5 Bc7) 28. g3 {[%emt 0:02:11] White is clearly winning.} ({Not} 28. Ra7 Qd6 29. Kf1 Bg3 $11) 28... Qd6 29. Qe5 Qh6 30. Qb8+ Bc8 31. Ra8 {[%emt 0:00:46] Weighted Error Value: White=0.12 (very precise) /Black=0.36} 1-0

[Event "FRA-ch Teams Top 16-Bas 2022"]
[Site "Chartres"]
[Date "2022.06.19"]
[Round "11.14"]
[White "Cantin, Loic"]
[Black "Brailly-Vignal, Bastien"]
[Result "1-0"]
[ECO "A05"]
[WhiteElo "2199"]
[BlackElo "2372"]
[Annotator "TA"]
[PlyCount "121"]
[EventDate "2022.06.16"]
[EventType "team-tourn"]
[EventCountry "FRA"]
[SourceTitle "playchess.com"]
[Source "ChessBase"]
[SourceQuality "1"]
[TimeControl "40/5400+30:1800+30"]

1. Nf3 Nf6 2. g3 b6 3. Bg2 Bb7 4. O-O e6 5. d3 Be7 6. e4 d6 7. c4 {[%emt 0:04:29] A05: Réti Opening: 1 Nf3 Nf6.} Nbd7 8. Nc3 c5 9. h3 {[%emt 0:05:19] White is slightly better.} a6 10. Nh2 Qc7 {[%emt 0:02:50] [#]} 11. f4 $146 ({Predecessor:} 11. Be3 Rc8 12. f4 Qb8 13. g4 b5 14. g5 Ng8 15. b3 b4 16. Ne2 Nb6 17. Ng3 {1-0 (35) Tiefenbach,W (1990)-Buecherl,K (1655) Bayern 2000}) 11... Nb8 12. g4 h6 13. Be3 Nc6 14. Rc1 Nd7 15. Qd2 Bf6 16. Ne2 g6 17. Kh1 (17. Nf3 $14) 17... Bg7 18. Nf3 Ne7 19. Ng3 h5 (19... O-O-O $11 {keeps the balance.}) 20. g5 h4 21. Ne2 d5 (21... b5 $14) 22. cxd5 $16 exd5 23. e5 Qd8 24. d4 c4 25. Bf2 (25. Qe1 $142 $1) 25... Nf8 ({Black should try} 25... Bc8) 26. Nxh4 ({Don't do} 26. Bxh4 $6 Bc8 $14) 26... Bc8 27. b3 b5 28. bxc4 bxc4 29. Kh2 {[%emt 0:02:37] White is more active.} Be6 30. Be1 Rb8 31. Rf3 (31. Nc3 $142) 31... Rb6 32. Qa5 (32. Nc3 $16) 32... Rb2 ({Better is} 32... Nd7 $14) 33. Qxd8+ Kxd8 {[%emt 0:00:03] [#]} 34. Nc3 Nc6 (34... Nd7 $16 {was necessary.}) 35. Rf2 $18 Rb8 {[%emt 0:05:33] [#]} (35... Rxf2 $142 36. Bxf2 Ne7) 36. Rd2 $2 ({But not} 36. Bxd5 $6 Bxd5 37. Nxd5 Rxh4 $18) (36. Nxd5 $1 $18 {has better winning chances.} Rxh4 37. Nf6) 36... Nb4 $2 {[%emt 0:01:46][%mdl 8192] Loses the game.} (36... Ne7 $16 {is a better chance.}) 37. Rb1 Nd7 38. Rdb2 Bf8 39. a3 Nc6 40. Rxb8+ Ncxb8 41. Nxd5 Nc6 {[%emt 0:05:20] Prevents Ba5+.} 42. Rd1 Bxa3 43. Ne3 Nxd4 44. Rxd4 Bc5 45. Re4 Nb6 46. Nf3 Bxe3 47. Rxe3 Nd5 48. Re4 c3 49. Rc4 {[%emt 0:00:00] Threatens to win with Nd4.} Kd7 50. Bxc3 Rb8 51. Nd2 Ne3 52. Bc6+ Kc7 53. Ba5+ Kc8 54. Rd4 Bd5 55. Bxd5 Rb5 {[%emt 0:00:10] [#]} 56. Rc4+ $1 Nxc4 (56... Kb8 57. Bxf7) 57. Nxc4 {[%emt 0:00:00] White mates.} Kd7 58. Bxf7 Ke7 59. Bxg6 Ke6 {[%emt 0:00:30] [#]} 60. Bf7+ $1 Kd7 (60... Kxf7 61. Nd6+) 61. Be8+ {[%emt 0:03:00] Weighted Error Value: White=0.23 (precise) /Black=0.51} 1-0

[Event "FRA-ch Teams Top 16-Bas 2022"]
[Site "Chartres"]
[Date "2022.06.19"]
[Round "11.15"]
[White "Jrade, Willis"]
[Black "Eden, James"]
[Result "0-1"]
[ECO "A26"]
[WhiteElo "2129"]
[BlackElo "2273"]
[Annotator "TA"]
[PlyCount "94"]
[EventDate "2022.06.16"]
[EventType "team-tourn"]
[EventCountry "FRA"]
[SourceTitle "playchess.com"]
[Source "ChessBase"]
[SourceQuality "1"]
[TimeControl "40/5400+30:1800+30"]

1. c4 Nf6 2. Nc3 g6 3. g3 Bg7 4. Bg2 O-O 5. Nf3 d6 6. O-O e5 7. d3 Nc6 8. Rb1 Re8 9. e4 {[%emt 0:02:15] A26: English Opening vs King's Indian with ...Nc6 and d3.} Bg4 10. h3 Bxf3 11. Bxf3 {[%emt 0:00:07] The position is equal.} Nd7 12. b4 Nf8 13. Be3 Ne6 14. Bg2 h5 {[%emt 0:04:47] [#]} 15. Qd2 $146 {[%emt 0:05:53] Threatening f4.} ({Predecessor:} 15. b5 Ncd4 16. Ne2 Nxe2+ 17. Qxe2 Qe7 18. h4 Kh7 19. Bh3 Nc5 20. Qd2 b6 21. Rbd1 {0-1 (53) Rodriguez Valdeavaro,J (1847)-Torres Bosch,J (2143) San Sebastian 2017}) 15... h4 16. Ne2 (16. Nd5 {seems wilder.} Ncd4 17. f4 exf4 18. gxf4 f5 19. b5) 16... Ncd4 17. Bxd4 exd4 18. g4 g5 19. f4 {[%emt 0:02:07] Against Be5} gxf4 20. Nxf4 Qg5 {[%emt 0:04:37] [#] ...Be5 is the strong threat.} 21. Qc1 Bh6 22. Nxe6 Qxc1 23. Rbxc1 fxe6 24. Rb1 Rf8 25. a3 Rab8 26. a4 Be3+ 27. Kh1 Bf4 28. Bf3 Kg7 29. Kg2 Kf6 30. Be2 Kg5 31. b5 Bg3 32. Kg1 Rf4 33. a5 (33. e5 $5) 33... Rbf8 34. a6 {[%emt 0:02:54] [#]} (34. Rxf4 $15 Rxf4 35. Rf1) 34... bxa6 $1 $19 35. bxa6 Rf2 36. Rb7 R8f4 {[%emt 0:04:20] Black is more active.} (36... Bh2+ $17 37. Kh1 R8f6 38. Rxa7 Rxe2 39. Rxf6 Kxf6) 37. Rxf2 $11 Rxf2 {[%emt 0:00:15][%mdl 4096] Endgame KRB-KRB} 38. Bf1 (38. Rxa7 $11 {and White has nothing to worry.} Rxe2 39. Ra8 (39. Rxc7 $2 Ra2 $19)) 38... Ra2 $19 39. Rxa7 $2 (39. Bg2 Rxa6 40. Bf1) 39... Kf4 40. Ra8 Bf2+ 41. Kh2 Bg3+ 42. Kg1 Kf3 43. a7 Bf4 (43... Bf2+ $142 44. Kh1 Be3 45. Rf8+ Kg3 46. Rf3+ Kxf3 47. a8=Q Rxa8 48. Kh2 Ra2+ 49. Bg2+ Rxg2+ 50. Kh1 Kg3 51. g5 Rh2#) 44. Rf8 Kg3 {[%emt 0:01:42] ( -> ...Be3+)} 45. a8=Q Be3+ 46. Rf2 Bxf2+ 47. Kh1 Rxa8 {[%emt 0:00:13] Weighted Error Value: White=0.77/Black=0.51} 0-1

[Event "FRA-ch Teams Top 16-Bas 2022"]
[Site "Chartres"]
[Date "2022.06.19"]
[Round "11.16"]
[White "Dieuleveut, Floriane"]
[Black "Djidjeli, Sarah"]
[Result "0-1"]
[ECO "B33"]
[WhiteElo "1863"]
[BlackElo "2040"]
[Annotator "NA RC"]
[PlyCount "56"]
[EventDate "2022.06.16"]
[EventType "team-tourn"]
[EventCountry "FRA"]
[SourceTitle "playchess.com"]
[Source "ChessBase"]
[SourceQuality "1"]
[TimeControl "40/5400+30:1800+30"]

1. e4 c5 2. Nf3 Nc6 3. d4 cxd4 4. Nxd4 Nf6 5. Nc3 e5 6. Ndb5 d6 7. Bg5 a6 8. Bxf6 gxf6 9. Na3 b5 10. Nd5 Bg7 11. c4 f5 12. cxb5 Ne7 13. Nxe7 Kxe7 14. exf5 Bxf5 15. Qd2 Be6 16. bxa6 h5 17. Bc4 Bh6 18. Qb4 Qb8 19. Qxb8 Rhxb8 20. Bxe6 Kxe6 21. b3 Rxa6 22. Nc2 Rc6 23. Ne3 f5 24. O-O f4 25. Nd1 Rc2 26. f3 e4 27. fxe4 Bg7 28. Rxf4 Bxa1 0-1

[Event "FRA-ch Teams Top 16-Bas 2022"]
[Site "Chartres"]
[Date "2022.06.19"]
[Round "11.17"]
[White "Duboue, Peio"]
[Black "Feller, Sebastien"]
[Result "1/2-1/2"]
[ECO "C55"]
[WhiteElo "2426"]
[BlackElo "2569"]
[Annotator "TA"]
[PlyCount "34"]
[EventDate "2022.06.16"]
[EventType "team-tourn"]
[EventCountry "FRA"]
[SourceTitle "playchess.com"]
[Source "ChessBase"]
[SourceQuality "1"]
[TimeControl "40/5400+30:1800+30"]

1. e4 e5 2. Nf3 Nc6 3. Bc4 Nf6 4. d3 Be7 5. O-O O-O 6. a4 a5 {[%emt 0:00:38] C55: Two Knights: 4 d3, 4 d4 exd4 5 e5 and Max Lange Attack.} 7. Re1 d6 (7... Bc5 {seems wilder.} 8. Na3 h6 9. c3 d6) 8. Nbd2 Be6 9. c3 Nd7 10. Nf1 Bxc4 {[%emt 0:18:47] The position is equal.} 11. dxc4 Nc5 12. Qc2 {[%emt 0:15:51] [#]} Ne6 $146 ({Predecessor:} 12... Bf6 13. Ne3 g6 14. Nd5 Bg7 15. Bg5 Qd7 16. Bf6 Qc8 17. Bxg7 Kxg7 18. b4 Ne6 {½-½ (30) Rozentalis,E (2520)-Romanishin,O (2404) Warsaw 2021}) 13. Ne3 Ng5 14. Nd2 Ne6 15. Nf3 Ng5 16. Nd2 Ne6 17. Nf3 Ng5 {[%emt 0:00:56] An uneventful encounter.  Weighted Error Value: White=0.05 (flawless) /Black=0.02 (flawless)} 1/2-1/2

[Event "FRA-ch Teams Top 16-Bas 2022"]
[Site "Chartres"]
[Date "2022.06.19"]
[Round "11.18"]
[White "Koch, Jean-Rene"]
[Black "Eugene, Floryan"]
[Result "0-1"]
[ECO "A19"]
[WhiteElo "2441"]
[BlackElo "2370"]
[Annotator "TA"]
[PlyCount "72"]
[EventDate "2022.06.16"]
[EventType "team-tourn"]
[EventCountry "FRA"]
[SourceTitle "playchess.com"]
[Source "ChessBase"]
[SourceQuality "1"]
[TimeControl "40/5400+30:1800+30"]

1. c4 Nf6 2. Nc3 e6 3. e4 c5 4. e5 Ng8 5. Nf3 Nc6 6. d4 cxd4 7. Nxd4 Nxe5 8. Ndb5 a6 9. Nd6+ Bxd6 10. Qxd6 f6 11. Be3 Ne7 12. Bb6 Nf5 13. Bxd8 {[%emt 0:30:10] 13.Qb4 gains popularity.} Nxd6 14. Bc7 Ke7 $1 ({Less strong is} 14... Nexc4 15. b3 b5 16. bxc4 Nxc4 17. a4 $16) (14... Ndxc4 15. f4 Ne3 16. fxe5 $16) 15. c5 {[%emt 0:08:53] A19: English Opening: Flohr-Mikenas System with 3...c5.} Ne8 16. Bxe5 (16. Bb6 $11) 16... fxe5 $15 17. O-O-O {[%emt 0:00:25] Black is better.} b6 18. cxb6 Rb8 19. Bd3 Nf6 20. Na4 (20. Rhe1 $142) 20... d6 $17 21. b3 {[%emt 0:00:55] [#]} Nd5 $146 ({Predecessor:} 21... Bd7 22. Bxa6 Bxa4 23. bxa4 Rxb6 24. Bb5 Ne4 25. Rhe1 Rc8+ {0-1 (25) Hofland,L (2295)-Timman,J (2625) Leeuwarden 1979}) 22. Kb2 Bd7 ({Not} 22... Nxb6 23. Nxb6 Rxb6 24. Rc1 $15) 23. Ka3 Bxa4 24. Kxa4 e4 ({Stronger than} 24... Rxb6 25. Ka3 $17) 25. Bxa6 $2 (25. Bb1) 25... Rxb6 $19 {[%emt 0:00:47] Black is clearly winning.} 26. Rxd5 exd5 27. Ka5 {[%emt 0:00:08] [#]} Rxa6+ $1 28. Kxa6 {[%emt 0:00:02][%mdl 4096] Endgame KR-KR} Ra8+ 29. Kb5 Rxa2 30. Rf1 Rb2 31. b4 Ke6 32. Ka5 d4 {[%emt 0:00:21][%cal Bd5d4,Bd4d3,Bd3d2][%mdl 32] [#] Threatens to win with ...d3.} 33. b5 Kd5 34. Ka6 d3 35. b6 d2 36. Rd1 Kc6 {[%emt 0:01:15] Weighted Error Value: White=1.25/Black=0.15 (very precise)} 0-1

[Event "FRA-ch Teams Top 16-Bas 2022"]
[Site "Chartres"]
[Date "2022.06.19"]
[Round "11.19"]
[White "Di Nicolantonio, Lucas"]
[Black "Visakh N R"]
[Result "1/2-1/2"]
[ECO "D32"]
[WhiteElo "2399"]
[BlackElo "2506"]
[Annotator "TA"]
[PlyCount "108"]
[EventDate "2022.06.16"]
[EventType "team-tourn"]
[EventCountry "FRA"]
[SourceTitle "playchess.com"]
[Source "ChessBase"]
[SourceQuality "1"]
[TimeControl "40/5400+30:1800+30"]

1. Nf3 d5 2. e3 c5 3. b3 Nc6 4. Bb2 Nf6 5. Bb5 Bd7 6. O-O a6 7. Be2 Bg4 8. c4 e6 9. cxd5 exd5 10. d4 Bd6 11. dxc5 Bxc5 12. Nc3 O-O 13. Rc1 Ba7 {[%emt 0:02:52] D32: Tarrasch Defence: Sidelines and lines without g3.} 14. h3 Bh5 15. Nh4 $1 Bg6 {[%emt 0:03:43] White is slightly better.} 16. Nxg6 hxg6 17. Bf3 d4 18. exd4 Bxd4 {[%emt 0:00:06][%cal Ba7d4,Bd4e5,Be5f4,Bf4d2][%mdl 32] [#]} 19. Qd2 $146 ({Predecessor:} 19. Bxc6 bxc6 20. Na4 Bxb2 21. Nxb2 Qd5 22. Na4 Rad8 23. Qc2 Rfe8 24. Nc5 a5 25. Nb7 Rd7 26. Rfd1 {½-½ (89) Nakamura,H (2736)-Popilski,G (2464) Chess.com INT 2021}) 19... Be5 20. Qxd8 Rfxd8 21. Rfd1 {[%emt 0:00:48] Inhibits Rd2.} Nd4 (21... Rac8 $14) 22. Bxb7 $16 {[%emt 0:05:00] This bishop pair is nice.} Ra7 23. Bf3 Rad7 24. Kf1 $1 Bf4 25. Rb1 Nxf3 26. gxf3 Bd2 27. Na4 Nh5 (27... Bb4 $142 28. Rxd7 Rxd7) 28. Nb6 (28. Nc5 $16 Rd5 29. Nxa6) 28... Rd3 $11 29. Nc4 f6 ({Black should play} 29... Bb4 $11 30. Ne3 Bd2) 30. Nxd2 $14 ({Reject} 30. Rxd2 Rxd2 31. Nxd2 Rxd2 $11) 30... Rxd2 31. Ke1 R2d3 32. Rxd3 Rxd3 {[%emt 0:00:02][%mdl 4096] Endgame KRB-KRN} 33. Bc1 {[%emt 0:01:39] Threatens to win with Be3.} Rxf3 34. Be3 Rxh3 {[%emt 0:00:36] [#] Hoping for ...Rh1+.} 35. Ke2 f5 36. Rc1 Nf6 37. Rc6 {[%emt 0:00:24] The position is equal.} Nd5 38. Rxa6 Nxe3 39. fxe3 $11 {[%emt 0:00:07] KR-KR} g5 40. b4 Rh2+ 41. Kf3 g4+ 42. Kg3 Rh3+ 43. Kf2 $1 Kf7 44. b5 g5 45. b6 Rh2+ 46. Kg3 Rb2 47. e4 fxe4 48. Kxg4 Kf6 49. a4 {[%emt 0:01:15] [#] aiming for a5.} Ke5 50. Ra5+ Kd6 51. Kxg5 e3 52. Ra8 Kd7 (52... e2 $5 53. Re8 Kc6 $11) 53. Ra7+ Kd6 {[%emt 0:00:16] ( -> ...e2)} 54. Ra8 Ke5 {[%emt 0:00:40] Weighted Error Value: White=0.08 (flawless) /Black=0.08 (flawless)} 1/2-1/2

[Event "FRA-ch Teams Top 16-Bas 2022"]
[Site "Chartres"]
[Date "2022.06.19"]
[Round "11.20"]
[White "Lazarev, Vladimir"]
[Black "Hutois, Mickael"]
[Result "1-0"]
[ECO "E12"]
[WhiteElo "2491"]
[BlackElo "2238"]
[Annotator "TA"]
[PlyCount "73"]
[EventDate "2022.06.16"]
[EventType "team-tourn"]
[EventCountry "FRA"]
[SourceTitle "playchess.com"]
[Source "ChessBase"]
[SourceQuality "1"]
[TimeControl "40/5400+30:1800+30"]

1. d4 Nf6 2. c4 e6 3. Nf3 b6 4. a3 Bb7 5. Nc3 d5 6. cxd5 exd5 7. g3 Nbd7 8. Bg2 Be7 9. O-O O-O 10. Bf4 a6 11. Rc1 {[%emt 0:03:30] E12: Queen's Indian: Unusual White 4th moves, 4 a3, 4 Nc3 Bb7 5 a3 and 4 Nc3 Bb7 .} Rc8 12. Ne5 Re8 13. Qb3 {[%emt 0:05:45] [#] 0x0.00207a9c8126dp-1022s more active pieces. White is slightly better.} c5 $146 ({Predecessor:} 13... c6 14. Nxd7 Nxd7 15. Rfd1 Bg5 16. Bxg5 Qxg5 17. e3 Re7 18. Na4 b5 19. Nc5 Nxc5 20. Rxc5 {1-0 (61) Pencheva,I (1799)-Kantardzhieva,T (1943) Vratsa 2012}) 14. Nxd7 ({Of course not} 14. Bxd5 Nxd5 15. Nxd5 Nxe5 16. Nxe7+ Qxe7 $11) 14... Qxd7 15. dxc5 Bxc5 16. Na4 Rxe2 17. Nxb6 Bxb6 18. Qxb6 Qb5 19. Rxc8+ Bxc8 20. Qc7 Be6 (20... Bf5 $14) 21. Be5 (21. Qd8+ $16 Qe8 22. Qxe8+ Nxe8 23. Rb1) 21... Qd7 (21... h6 $1 $11 {remains equal.}) 22. Qb6 $16 Qb5 (22... Qc8 $16 {might work better.} 23. Qd4 Bh3) 23. Qd4 (23. Qd8+ $18 Ne8 24. Bc3) 23... Ne8 24. Qf4 f6 25. Bc3 Qd3 (25... Bf7 $16 {was called for.} 26. Rd1 Re7) 26. Qf3 Qc2 27. Qh5 {[%emt 0:01:28][%cal Rh5e8] [#]} g6 (27... Nc7 $16 28. Bf3 Bf7) 28. Qh4 $18 g5 (28... Qd3 {was worth a try.} 29. Qf4 (29. Bxf6 Nxf6 30. Qxf6 Qf5 $16) 29... Bf7) 29. Qd4 Qf5 30. Qb6 {[%emt 0:00:32] Against Nd6} Qd3 31. Rc1 {[%emt 0:01:56][%cal Bf1c1,Bc1e1,Be1e8,Be8d8,Bd8d6][%mdl 32] Bf1 is the strong threat.} d4 32. Qxd4 Qf5 (32... Qxd4 33. Bxd4 Rd2) 33. Bf1 {[%emt 0:00:41] This bishop pair is nice.} Rc2 (33... Re4 $142) 34. Re1 {[%emt 0:01:17][%cal Oe1e6] [#] aiming for Rxe6! White is clearly winning.} Bd5 35. Rxe8+ Kf7 36. Rd8 Bc6 37. Rd6 {[%emt 0:00:46] Weighted Error Value: White=0.20 (precise) /Black=0.47} 1-0

[Event "FRA-ch Teams Top 16-Bas 2022"]
[Site "Chartres"]
[Date "2022.06.19"]
[Round "11.21"]
[White "Real, Thibault"]
[Black "Bailet, Pierre"]
[Result "0-1"]
[ECO "E61"]
[WhiteElo "2262"]
[BlackElo "2509"]
[Annotator "TA"]
[PlyCount "106"]
[EventDate "2022.06.16"]
[EventType "team-tourn"]
[EventCountry "FRA"]
[SourceTitle "playchess.com"]
[Source "ChessBase"]
[SourceQuality "1"]
[TimeControl "40/5400+30:1800+30"]

1. Nf3 Nf6 2. d4 g6 3. c4 Bg7 4. e3 O-O 5. Be2 c5 6. d5 e6 7. Nc3 exd5 8. cxd5 d6 9. O-O Bg4 10. h3 {[%emt 0:01:10] E61: King's Indian: Early deviations for White, including Smyslov System.} Bxf3 11. Bxf3 Nbd7 12. Be2 {[%emt 0:01:29] The position is equal.} Re8 13. Qc2 {[%emt 0:01:55] [#]} Qe7 $146 ({Predecessor:} 13... a6 14. a4 Rc8 15. a5 c4 16. Ra4 Rc5 17. Bxc4 b5 18. axb6 Nxb6 19. Qd3 Nfd7 {0-1 (30) Garrido Olivares,R (2165)-Moreno Ruiz,J (2461) Madrid 2019}) 14. Bd2 a6 15. a4 $1 {[%emt 0:00:26] Inhibits b5.} Rac8 16. a5 Rc7 17. Ra4 Rec8 18. b3 Ne5 19. f4 Ned7 20. Bf3 Ne8 21. g4 (21. e4 $14 {is superior.}) 21... Rb8 (21... c4 $11 22. Rxc4 Rxc4 23. bxc4 b5 24. axb6 Nxb6) 22. g5 b5 23. axb6 $1 Rxb6 24. Re4 Qf8 25. f5 (25. Ne2 $16) 25... Be5 26. Rh4 Qe7 27. f6 Nexf6 28. gxf6 Nxf6 29. Rc4 Rcb7 30. Rb1 Nd7 31. Bg2 Bg7 32. Re4 Ne5 33. Na4 (33. Ra4 $1 $16) 33... Rb5 $14 34. Nc3 (34. Kh1 $5 ) 34... R5b6 35. Ne2 Qd7 36. Nc3 (36. Ba5 $14 Rb5 37. Qa2) 36... Qf5 (36... Qe7 $1 $11) 37. Rf1 $16 Qh5 38. Ra4 h6 39. Ne4 f5 40. Ng3 Qg5 41. Ne2 {[%emt 0:08:52] Black must now prevent e4.} Rxb3 42. e4 Qh4 43. Be1 (43. Rxa6 Rb2 44. Qd1 fxe4 $11) (43. Bc3 $1 $16) 43... Qg5 $14 {[%emt 0:03:20] Threatens to win with ...Rb2.} 44. Bd2 (44. exf5 $14 Nf3+ 45. Kh1 Nxe1 46. Rxe1) 44... Qh4 $16 45. Bc3 $1 (45. Rxa6 $6 Rb2 46. Qd1 fxe4 $11) 45... f4 (45... Qg5 $2 46. exf5 (46. Rxa6 Nc4 $17) 46... gxf5 47. Kh1 $18 (47. Rxa6 Nc4 $11)) 46. Rxf4 Qg5 {[%emt 0:00:07][%cal Oe5g4] [#]} 47. Rf1 $1 (47. Rxa6 $6 Nc4 48. e5 Ne3 $11) 47... Kh7 {[%emt 0:05:41] [#]} 48. Nf4 ({Stronger than} 48. Rxa6 Nc4 49. Bf6 (49. Bxg7 $2 Ne3 $19) 49... Qe3+ 50. Kh1 Nd2 $17) (48. Kh1 $1 $16) 48... Qg3 $11 49. Ba1 {[%emt 0:01:00][%mdl 8192] [#]} (49. Ne2 $11 Qe3+ 50. Kh1) 49... Rb1 $3 $19 {[%emt 0:01:13][%mdl 512] ( -> ...Nf3+)} 50. Bxe5 Rxf1+ 51. Kxf1 Bxe5 52. Nd3 Rf7+ 53. Kg1 Qh2# {[%emt 0:08:59] Weighted Error Value: White=0.44/Black=0.13 (very precise)} 0-1